 Dungeon Crawl Stone Soup version 0.23.1 (webtiles) character file.

Game seed: 11092637027506784852

75 vishdafish the Shield-Bearer (level 4, -2/36 HPs)
             Began as a Formicid Fighter on Mar 13, 2019.
             Slain by Grinder (4 damage)
             ... on level 3 of the Dungeon.
             The game lasted 00:02:42 (1720 turns).

vishdafish the Shield-Bearer (Formicid Fighter)     Turns: 1720, Time: 00:02:43

Health: -2/36      AC:  8    Str: 26    XL:     4   Next: 55%
Magic:  4/4        EV:  9    Int:  8    God:
Gold:   139        SH: 10    Dex: 10    Spells: 3/3 levels left

rFire    . . .     SeeInvis +   a - +0 war axe
rCold    + . .     Gourm    .   c - +0 shield
rNeg     . . .     Faith    .   q - +0 ring mail (curse)
rPois    .         Spirit   .   (helmet unavailable)
rElec    .         Reflect  .   (no cloak)
rCorr    .         Harm     .   (no gloves)
MR       .....                  (no boots)
Stlth    ..........             (no amulet)
HPRegen  0.12/turn              k - +3 ring of protection
MPRegen  0.09/turn              g - ring of protection from cold

@: mighty
A: permanent stasis, dig shafts and tunnels, four strong arms, antennae 3
a: Dig, Shaft Self


You were on level 3 of the Dungeon.
You were hungry.

You visited 1 branch of the dungeon, and saw 3 of its levels.

You collected 139 gold pieces.

Inventory:

Hand Weapons
 a - a +0 war axe (weapon)
Missiles
 o - a throwing net (quivered)
Armour
 b - a +0 scale mail
 c - a +0 shield (worn)
 m - a +0 helmet
 q - a cursed +0 ring mail (worn)
Jewellery
 g - a ring of protection from cold (right hand)
 k - a +3 ring of protection (left hand)
Wands
 t - a wand of disintegration (13)
Scrolls
 h - 4 scrolls of teleportation {unknown}
 i - a scroll of identify {unknown}
 l - 3 scrolls of remove curse {unknown}
 n - a scroll of enchant armour {unknown}
 s - 2 scrolls of amnesia {unknown}
 u - a scroll of blinking {unknown}
Potions
 e - a potion of lignification {unknown}
 j - a potion of agility {unknown}
 p - a potion of berserk rage {unknown}
 r - a potion of curing
Comestibles
 f - 5 rations


   Skills:
 + Level 3.6 Fighting
 * Level 3.4 Axes
 + Level 3.7 Armour
 + Level 0.1 Dodging
 + Level 4.1 Shields


You had 3 spell levels left.
You didn't know any spells.
Your spell library was empty.

Dungeon Overview and Level Annotations

Branches:
Dungeon (3/15)

Altars:
Uskayaw

Annotations:
D:3 Grinder


Innate Abilities, Weirdness & Mutations

You cannot be hasted, slowed, berserked, paralysed or teleported.
You can dig through walls and to a lower floor.
Your four strong arms can wield two-handed weapons with a shield.
You have a pair of large antennae on your head. (SInv)


Message History

It was a potion of curing.
You feel better. The jackal barely misses you.
Grinder hits you but does no damage.
You slash Grinder!
Grinder is severely wounded.
You slash the jackal!
You kill the jackal!
Grinder blinks!
Throwing (i - inventory)
o - a throwing net (quivered)
Press: ? - help, Shift-Dir - straight line, f - Grinder
Aim: Grinder (severely wounded)
Okay, then.
Grinder gestures at you.
You barely resist. Grinder gestures at you. Pain shoots through your body!
* * * LOW HITPOINT WARNING * * *
Grinder hits you.
* * * LOW HITPOINT WARNING * * *
You writhe in agony.
You die...

#.# #.# ##.## #...#
##+## #...# ##...## ##
#...## ##.....## .#
#.##.## ##.......##
.###.#...####.........#
............'...@5....+
.###.....####)........#
.# #....## ##.......##
.# ##.### ##.....## .#
#.# ##...## .# #.#
##'## ## .# .# .#


You could see Grinder.

Vanquished Creatures
  2 adders (D:2)
  2 oozes
  A worm (D:2)
  3 dart slugs
  2 leopard geckos
  A giant cockroach (D:2)
  3 goblins
  2 hobgoblins
  2 jackals (D:3)
  2 quokkas
  A ball python (D:3)
  6 bats
  4 frilled lizards
  2 kobolds
  7 rats
40 creatures vanquished.

Notes
Turn   | Place    | Note
-------+----------+-------------------------------------------
     0 | D:1      | vishdafish the Formicid Fighter began the quest for the
                  | Orb.
     0 | D:1      | Reached XP level 1. HP: 18/18 MP: 1/1
    89 | D:1      | Reached XP level 2. HP: 24/24 MP: 2/2
   541 | D:1      | Reached XP level 3. HP: 29/29 MP: 3/3
   896 | D:2      | Reached skill level 4 in Shields
  1167 | D:2      | Reached XP level 4. HP: 36/36 MP: 4/4
  1421 | D:2      | Found a hide-covered altar of Uskayaw.
  1706 | D:3      | Noticed Grinder
  1720 | D:3      | Slain by Grinder

Skill      XL: |  1  2  3 |
---------------+----------+-----
Shields        | 4 |  4.1
Axes           | 3 |  3.4
Fighting       | |  3.6
Armour         | |  3.7
Dodging        | |  0.1

Action                   |  1- 3 |  4- 6 || total
-------------------------+-------+-------++-------
Melee: War axe           |    82 |    48 ||   130
  Use: Potion            |       |     2 ||     2
  Eat: Chunk             |       |     2 ||     2
Armor: Scale mail        |    47 |    13 ||    60
       Ring mail         |       |    12 ||    12
Dodge: Dodged            |    25 |    14 ||    39
Block: Shield            |    54 |    28 ||    82
